Map: Ulrena

Players

AiLillekanin (Lillekanin) - Winner!

  • Race: Terran Terran
  • League: Master

Probe

  • Race: Protoss Protoss
  • League: Master

Event: DreamHack ZOWIE Open Leipzig

VOD

Have the link to the VOD?

Description

Time

  • Played on: Jan. 22, 2016, 10:46 a.m.
  • Length: 5:37

All games in this series

Show
View Real Time Build Order
Export as new Build Order

AiLillekanin Terran - Winner!

Build Orders: 1/1/1, Liberator Opening 

Get SALT Encoding   

  12  0:00  SCV  
  13  0:12  SCV  
  14  0:18  Supply Depot  
  14  0:24  SCV  
  15  0:39  SCV  
  15  0:40  Barracks  
  16  0:44  Refinery  
  16  0:51  SCV  
  16  0:54  Refinery  
  17  1:04  SCV  
  18  1:16  SCV  
  19  1:28  Orbital Command  
  19  1:29  Marine  
  20  1:36  Factory  
  20  1:45  Supply Depot  
  20  1:50  Barracks Reactor  
  20  1:55  SCV  
  21  2:07  SCV  
  22  2:19  SCV, Factory Tech Lab  
  23  2:23  Starport  
  23  2:27  Marine x2  
  25  2:34  Supply Depot  
  25  2:35  SCV  
  26  2:44  Siege Tank  
  29  2:45  Liberator  
  29  2:48  SCV  
  29  2:49  Marine  
  31  2:56  Marine  
  35  3:08  Supply Depot  
  35  3:10  Marine  
  36  3:20  Engineering Bay  
  36  3:25  Siege Tank  
  39  3:30  Supply Depot  
  39  3:33  Marine  
  40  3:35  Marine  
  41  3:43  Barracks  
  41  3:48  Medivac  
  41  3:51  Marine  
  44  3:58  Missile Turret  
  44  4:02  Marine  
  45  4:10  Siege Tank  
  45  4:12  Liberator  
  48  4:19  Marine  
  48  4:20  Marine  
  53  4:34  Marine  
  53  4:38  Marine  
  55  4:58  Siege Tank  
  55  4:59  Marine  
  55  5:06  Supply Depot  
  55  5:16  Marine  
  55  5:19  Marine  
Show
View Real Time Build Order
Export as new Build Order

Probe Protoss 

Build Orders: 1 Gate Expand, Phoenix Opening, Mass Adepts 

Get SALT Encoding   

  12  0:01  Probe (Chrono Boost)  
  13  0:11  Probe (Chrono Boost)  
  14  0:19  Pylon  
  14  0:22  Probe (Chrono Boost)  
  15  0:37  Probe (Chrono Boost)  
  15  0:38  Gateway  
  16  0:46  Assimilator  
  16  0:48  Probe (Chrono Boost)  
  17  0:58  Probe (Chrono Boost)  
  18  1:09  Probe (Chrono Boost)  
  19  1:20  Nexus  
  19  1:23  Probe (Chrono Boost)  
  20  1:34  Cybernetics Core  
  20  1:36  Probe (Chrono Boost)  
  21  1:41  Assimilator  
  21  1:46  Probe (Chrono Boost)  
  22  1:54  Pylon  
  22  1:57  Probe (Chrono Boost)  
  23  2:12  Adept  
  23  2:13  Mothership Core (Chrono Boost)  
  27  2:17  Warp Gate (Chrono Boost)  
  27  2:31  Probe (Chrono Boost)  
  27  2:33  Probe (Chrono Boost)  
  29  2:39  Adept  
  29  2:41  Probe (Chrono Boost)  
  29  2:44  Probe (Chrono Boost)  
  33  2:48  Pylon  
  33  2:52  Probe (Chrono Boost)  
  33  2:54  Probe (Chrono Boost)  
  33  2:55  Stargate  
  35  3:02  Probe (Chrono Boost)  
  35  3:05  Probe (Chrono Boost)  
  37  3:06  Adept  
  39  3:16  Pylon  
  41  3:26  Gateway x2  
  39  3:32  Adept  
  41  3:35  Probe x2  
  41  3:41  Phoenix (Chrono Boost)  
  45  3:48  Probe  
  45  3:52  Probe  
  45  3:53  Pylon  
  47  3:59  Gateway  
  47  4:05  Phoenix (Chrono Boost)  
  47  4:06  Probe  
  48  4:20  Adept  
  50  4:25  Adept x2, Pylon  
  50  4:27  Phoenix (Chrono Boost)  
  56  4:44  Adept  
  58  4:47  Adept x2  
  58  4:49  Phoenix (Chrono Boost)  
  58  4:58  Adept  
  60  5:06  Adept  
  60  5:10  Pylon  
  60  5:11  Pylon  
  60  5:12  Adept x2  
  46  5:32  Zealot x4  

Tags
 
Add a new tag
Caveats
  • Supply blocks, unpowered buildings, or Contaminate may cause inaccurate times.
  • Supply counts are checked every 10 seconds.